[Event "GER-ch Youth U12 2020"]
[Site "Willingen"]
[Date "2020.10.27"]
[Round "1.28"]
[White "Grabs, Peter"]
[Black "Bondarcuks, Timurs"]
[Result "1-0"]
[ECO "C68"]
[WhiteElo "1674"]
[BlackElo "1198"]
[Annotator "NA RC"]
[PlyCount "77"]
[EventDate "2020.10.27"]
[EventType "swiss"]
[EventRounds "7"]
[EventCountry "GER"]
[SourceTitle "playchess.com"]
[Source "ChessBase"]
[SourceQuality "1"]
[TimeControl "40/5400+30:1800+30"]

1. e4 e5 2. Nf3 Nc6 3. Bb5 a6 4. Bxc6 dxc6 5. Nc3 f6 6. d4 Bg4 7. dxe5 Qxd1+ 8. Kxd1 Bxf3+ 9. gxf3 O-O-O+ 10. Ke2 fxe5 11. Be3 Nf6 12. Rad1 Bb4 13. Na4 b6 14. a3 Be7 15. b4 Kb7 16. Nb2 b5 17. Nd3 Nd7 18. Rhg1 g6 19. Bg5 Bxg5 20. Rxg5 Rhe8 21. Rd2 Nb6 22. Rxe5 Nc4 23. Rxe8 Rxe8 24. Nc5+ Ka7 25. Rd7 Kb6 26. a4 bxa4 27. Nxa4+ Kb5 28. Nc5 a5 29. c3 axb4 30. cxb4 Kxb4 31. Na6+ Kc3 32. Rxc7 Rd8 33. Rxc6 Rd2+ 34. Kf1 Rd3 35. Kg2 Kd4 36. Rc7 Ne5 37. f4 Nf3 38. Rd7+ Kxe4 39. Nc5+ 1-0

[Event "GER-ch Youth U12 2020"]
[Site "Willingen"]
[Date "2020.10.28"]
[Round "2.2"]
[White "Haubold, Christian Lucas"]
[Black "Kempe, Caius Emilian"]
[Result "0-1"]
[ECO "B28"]
[WhiteElo "1615"]
[BlackElo "1840"]
[Annotator "NA RC"]
[PlyCount "72"]
[EventDate "2020.10.27"]
[EventType "swiss"]
[EventRounds "7"]
[EventCountry "GER"]
[SourceTitle "playchess.com"]
[Source "ChessBase"]
[SourceQuality "1"]
[TimeControl "40/5400+30:1800+30"]

1. e4 c5 2. Nf3 a6 3. d4 cxd4 4. Nxd4 e5 5. Nb3 Nf6 6. Bd3 d5 7. Bg5 {[%emt 0:07:35] B28: Sicilian: 2 Nf3 a6 (O'Kelly Variation).} ({White should try} 7. exd5 $11 Qxd5 8. O-O) 7... d4 {[%emt 0:11:32] [#]} (7... dxe4 $15 8. Bxf6 gxf6 9. Bxe4 Qxd1+ 10. Kxd1 f5) 8. Qf3 $146 ({Predecessor:} 8. O-O Be7 9. a4 Bg4 10. f3 Be6 11. N1d2 Nc6 12. Bc4 h6 13. Bxf6 gxf6 14. Bxe6 fxe6 {½-½ (40) Bardos,I (1960)-Farkas,S (1836) Hungary 2016}) 8... Be7 9. h3 O-O 10. N1d2 Nc6 11. O-O-O (11. O-O $15) 11... Be6 ({Black should play} 11... a5 $19 12. Kb1 a4) 12. Kb1 Rc8 13. Nf1 (13. Qe2 $17) 13... a5 14. Ng3 {[%emt 0:06:13] [#]} a4 $1 15. Nc1 Qb6 16. Bxf6 Bxf6 17. Nf5 a3 18. b3 Nb4 19. Qe2 $2 (19. Ne2) 19... Qc5 20. c4 dxc3 21. Bc2 Bxf5 22. exf5 {[%emt 0:00:09] [#]} e4 $1 23. Qxe4 Rfe8 24. Qf3 Nxc2 25. Kxc2 Bg5 26. Nd3 Qb5 27. h4 {[%emt 0:00:51] [#]} (27. Rde1 $17 {is a better defense.}) 27... Bd2 $1 28. Rh3 $19 (28. f6 $142) 28... f6 29. h5 h6 30. Rg3 Qd7 31. Qg4 Qe7 32. f4 Rc7 33. Rf1 b5 34. Rd1 Qe2 35. Qxe2 Rxe2 36. Rf1 Bxf4+ 0-1

[Event "GER-ch Youth U12 2020"]
[Site "Willingen"]
[Date "2020.10.28"]
[Round "2.4"]
[White "Chinguun Sundui"]
[Black "Torosyan, Bagrat"]
[Result "1-0"]
[ECO "B50"]
[WhiteElo "1746"]
[BlackElo "1634"]
[Annotator "NA RC"]
[PlyCount "67"]
[EventDate "2020.10.27"]
[EventType "swiss"]
[EventRounds "7"]
[EventCountry "GER"]
[SourceTitle "playchess.com"]
[Source "ChessBase"]
[SourceQuality "1"]
[TimeControl "40/5400+30:1800+30"]

1. e4 c5 2. Nf3 d6 3. Nc3 Nf6 4. e5 dxe5 5. Nxe5 Nbd7 6. Nc4 Nb6 7. b3 Bg4 8. Be2 Bxe2 9. Qxe2 e6 10. O-O Be7 11. Bb2 O-O 12. Rfd1 Nxc4 13. bxc4 a6 14. Rab1 Qc7 15. Qf3 Bd6 16. h3 Be5 17. Re1 Bd4 18. Ne2 Bxb2 19. Rxb2 Rab8 20. Reb1 b6 21. d3 Rfd8 22. g4 Rb7 23. Kg2 Rdb8 24. Nc3 Ne8 25. h4 Nd6 26. a4 h5 27. g5 g6 28. Ne4 Nf5 29. Nf6+ Kg7 30. Qe4 Qe7 31. Qe5 Nxh4+ 32. Kh3 Nf3 33. Nxh5+ Kg8 34. Qg7# 1-0

[Event "GER-ch Youth U12 2020"]
[Site "Willingen"]
[Date "2020.10.28"]
[Round "2.5"]
[White "Toth, Luca"]
[Black "Uhlmann, Tim"]
[Result "1-0"]
[ECO "C54"]
[WhiteElo "1680"]
[BlackElo "1523"]
[Annotator "NA RC"]
[PlyCount "169"]
[EventDate "2020.10.27"]
[EventType "swiss"]
[EventRounds "7"]
[EventCountry "GER"]
[SourceTitle "playchess.com"]
[Source "ChessBase"]
[SourceQuality "1"]
[TimeControl "40/5400+30:1800+30"]

1. e4 e5 2. Nf3 Nc6 3. Bc4 Bc5 4. c3 Nf6 5. d3 a6 6. Nbd2 Ba7 7. h3 h6 8. Nf1 d5 9. exd5 Nxd5 10. Ng3 Qd6 11. Ne4 Qe6 12. Qb3 Nce7 13. O-O c6 14. Re1 b5 15. Bxd5 cxd5 16. Ng3 Ng6 17. Be3 O-O 18. Bxa7 Rxa7 19. a4 Rb7 20. axb5 Rxb5 21. Qc2 Qb6 22. b4 f6 23. d4 e4 24. Nd2 f5 25. f3 f4 26. Ngf1 e3 27. Nb3 Nh4 28. Nh2 Bf5 29. Qe2 Qg6 30. Kh1 Bd3 31. Qb2 e2 32. Rg1 Qg3 33. Rae1 Nxg2 34. Rxe2 Bxe2 35. Qxe2 Qxh3 36. Rxg2 Qf5 37. Rg1 Qf7 38. Ng4 Qh5+ 39. Qh2 Qxh2+ 40. Kxh2 Kh7 41. Ra1 Rb6 42. Nc5 Rc8 43. Ne5 g5 44. Kh3 h5 45. Ra5 Rh6 46. Kg2 g4 47. fxg4 hxg4 48. Nxg4 Rg8 49. Kf3 Rh3+ 50. Kxf4 Rh4 51. Rxa6 Rhxg4+ 52. Ke5 R8g5+ 53. Kd6 Rg3 54. Ra3 Rf5 55. Kc6 Kg8 56. Ra8+ Kf7 57. Ra7+ Kg8 58. Ra3 Kf7 59. b5 Rg6+ 60. Kb7 Rff6 61. Ra6 Ke7 62. Rxf6 Rxf6 63. b6 Kd6 64. Ka7 Kc6 65. b7 Rf7 66. Ka8 Rxb7 67. Nxb7 Kb5 68. Nd6+ Kc6 69. Nf5 Kb5 70. Ne3 Kc6 71. Nxd5 Kxd5 72. Kb7 Kc4 73. Kc6 Kxc3 74. d5 Kd4 75. d6 Ke5 76. d7 Ke6 77. d8=Q Kf7 78. Qd6 Kg7 79. Qe6 Kh7 80. Qf6 Kg8 81. Qe7 Kh8 82. Kd6 Kg8 83. Ke6 Kh8 84. Kf6 Kg8 85. Qg7# 1-0

[Event "GER-ch Youth U12 2020"]
[Site "Willingen"]
[Date "2020.10.28"]
[Round "2.6"]
[White "Udelnov, Valentin"]
[Black "Kiefhaber, Tobias"]
[Result "1/2-1/2"]
[ECO "B13"]
[WhiteElo "1691"]
[BlackElo "1542"]
[Annotator "NA RC"]
[PlyCount "161"]
[EventDate "2020.10.27"]
[EventType "swiss"]
[EventRounds "7"]
[EventCountry "GER"]
[SourceTitle "playchess.com"]
[Source "ChessBase"]
[SourceQuality "1"]
[TimeControl "40/5400+30:1800+30"]

1. e4 c6 2. d4 d5 3. exd5 cxd5 4. Bd3 Nc6 5. c3 Nf6 6. Bf4 Bg4 7. Qb3 Qb6 8. Qxb6 axb6 9. Na3 Kd7 10. h3 Bh5 11. Nb5 Bg6 12. Be2 Ne8 13. c4 Nb4 14. Kd2 Nf6 15. Nc3 Nc2 16. Rc1 Nxd4 17. cxd5 Rc8 18. Nf3 Nxf3+ 19. Bxf3 Rc4 20. Be5 Be4 21. Be2 Rb4 22. Bxf6 gxf6 23. Nxe4 Rxe4 24. Bg4+ Kd6 25. Kd3 Ra4 26. Rc8 Bg7 27. a3 f5 28. Bxf5 Rxc8 29. Bxc8 Bxb2 30. Bxb7 Bxa3 31. Bc6 Rf4 32. Ra1 Bc5 33. f3 e6 34. Ra4 Rxa4 35. Bxa4 exd5 36. Bb5 Ke5 37. g3 Bf2 38. f4+ Kd6 39. g4 f6 40. Kc3 Bg3 41. f5 Ke5 42. Bd3 Bf2 43. Ba6 h6 44. Bb5 Bc5 45. Bd3 Kf4 46. Bf1 Ke3 47. Kb3 d4 48. Kc4 Bd6 49. h4 Bf4 50. g5 hxg5 51. hxg5 Bxg5 52. Bh3 d3 53. Kc3 d2 54. Kc2 Kf2 55. Kd1 b5 56. Bg4 b4 57. Be2 Ke3 58. Bc4 Kd4 59. Bg8 Kc3 60. Bf7 b3 61. Be6 Kb2 62. Bd5 Ka3 63. Be4 Kb2 64. Bd5 Kc3 65. Be6 Kb4 66. Bd5 Bf4 67. Ke2 Kc3 68. Kd1 Be3 69. Be6 Bc5 70. Bf7 Ba3 71. Be6 Bc1 72. Bf7 Kb4 73. Bd5 Ka3 74. Be4 Ka2 75. Bd5 Kb2 76. Bc4 Kc3 77. Be6 b2 78. Ba2 Kd3 79. Bb1+ Ke3 80. Bc2 Kf3 81. Bb1 1/2-1/2

[Event "GER-ch Youth U12 2020"]
[Site "Willingen"]
[Date "2020.10.28"]
[Round "2.7"]
[White "Fruth, David"]
[Black "Sommer, Justus"]
[Result "1/2-1/2"]
[ECO "C68"]
[WhiteElo "1665"]
[BlackElo "1845"]
[Annotator "NA RC"]
[PlyCount "45"]
[EventDate "2020.10.27"]
[EventType "swiss"]
[EventRounds "7"]
[EventCountry "GER"]
[SourceTitle "playchess.com"]
[Source "ChessBase"]
[SourceQuality "1"]
[TimeControl "40/5400+30:1800+30"]

1. e4 e5 2. Nf3 Nc6 3. Bb5 a6 4. Bxc6 dxc6 5. O-O Qf6 6. d4 {[%emt 0:00:07] C68: Ruy Lopez: Exchange Variation, sidelines.} exd4 7. Bg5 Qd6 8. Nxd4 Be7 9. Bxe7 Nxe7 10. Nc3 O-O 11. Re1 Rd8 {[%emt 0:03:53] [#]} 12. Re3 $146 ({Predecessor:} 12. Qe2 Qg6 13. Qe3 c5 14. Nde2 Qc6 15. Nf4 Be6 16. Rad1 h6 17. h3 b5 18. Nxe6 fxe6 {½-½ (33) Loewe,L (2202)-Sengos,G Baden 2018}) 12... Ng6 ({Weaker is} 12... Qxd4 13. Rd3 $16) 13. Rd3 Qf6 14. e5 $2 (14. Qf3 $11 {and White has nothing to worry.}) 14... Nxe5 15. Ne4 Qh4 16. Re3 $2 (16. Nf3 $17 {nothing else works.} Nxf3+ 17. Qxf3 Rxd3 18. cxd3) 16... Nc4 17. Re2 Be6 18. c3 Qe7 (18... Bd5 $17 19. Qc2 Bxe4 20. Rxe4 Qf6) 19. Qc2 h6 20. Ng3 Qf6 21. Rae1 Re8 (21... Bd7 $15) 22. Nh5 (22. Nxe6 $11 {remains equal.} Rxe6 23. Rxe6 fxe6 24. Qe2) 22... Qg5 23. Ng3 $17 1/2-1/2

[Event "GER-ch Youth U12 2020"]
[Site "Willingen"]
[Date "2020.10.28"]
[Round "2.9"]
[White "Deschler, Arne"]
[Black "Klaska, Philipp Leon"]
[Result "1/2-1/2"]
[ECO "B26"]
[WhiteElo "1671"]
[BlackElo "1716"]
[Annotator "NA RC"]
[PlyCount "95"]
[EventDate "2020.10.27"]
[EventType "swiss"]
[EventRounds "7"]
[EventCountry "GER"]
[SourceTitle "playchess.com"]
[Source "ChessBase"]
[SourceQuality "1"]
[TimeControl "40/5400+30:1800+30"]

1. e4 c5 2. Nc3 Nc6 3. g3 g6 4. Bg2 Bg7 5. d3 d6 6. Be3 Rb8 7. Qd2 b5 8. Nge2 b4 9. Nd1 Nf6 10. Bh6 O-O 11. Bxg7 Kxg7 12. Ne3 Ng4 13. h3 Nxe3 14. Qxe3 Qb6 15. h4 h5 16. Nf4 Ne5 17. Nd5 Qd8 18. d4 Nc4 19. Qd3 Nb6 20. dxc5 dxc5 21. Rd1 Nxd5 22. Qxd5 Qxd5 23. Rxd5 c4 24. Ke2 Be6 25. Rd4 a5 26. Rhd1 a4 27. b3 axb3 28. axb3 cxb3 29. cxb3 Rfc8 30. R4d3 Rc3 31. Rb1 Rbc8 32. Rd4 Rb8 33. Rd3 Rxd3 34. Kxd3 Rc8 35. e5 Rc3+ 36. Kd4 Rc2 37. Ke3 Bf5 38. Be4 Rc3+ 39. Kd4 Bxe4 40. Kxe4 f6 41. Rb2 Kf7 42. exf6 exf6 43. Kf4 Rd3 44. Ke4 Rc3 45. Kf4 Rd3 46. Rb1 Rc3 47. f3 Rd3 48. Rb2 1/2-1/2

[Event "GER-ch Youth U12 2020"]
[Site "Willingen"]
[Date "2020.10.28"]
[Round "2.10"]
[White "Zobel, Christian"]
[Black "Eichhorn, Valentin"]
[Result "1/2-1/2"]
[ECO "B40"]
[WhiteElo "1521"]
[BlackElo "1545"]
[Annotator "NA RC"]
[PlyCount "48"]
[EventDate "2020.10.27"]
[EventType "swiss"]
[EventRounds "7"]
[EventCountry "GER"]
[SourceTitle "playchess.com"]
[Source "ChessBase"]
[SourceQuality "1"]
[TimeControl "40/5400+30:1800+30"]

1. e4 c5 2. Nf3 e6 3. c3 d5 4. Bd3 Nc6 5. O-O Nf6 6. exd5 Qxd5 7. Bc2 Be7 8. d3 O-O 9. Bg5 b6 10. Nbd2 Bb7 11. Bxf6 Bxf6 12. Ne4 Be7 13. Qe2 Qd8 14. Rad1 Ba6 15. Qe3 h6 16. Rfe1 Rc8 17. d4 cxd4 18. Nxd4 Nxd4 19. Rxd4 Qc7 20. Red1 Rfd8 21. Bb3 Rxd4 22. Rxd4 Rd8 23. Qd2 Rxd4 24. Qxd4 Qf4 1/2-1/2

[Event "GER-ch Youth U12 2020"]
[Site "Willingen"]
[Date "2020.10.28"]
[Round "2.11"]
[White "Kieselbach, Jannik"]
[Black "Braeutigam, Alexander"]
[Result "1-0"]
[ECO "D53"]
[WhiteElo "1453"]
[BlackElo "1631"]
[Annotator "NA RC"]
[PlyCount "75"]
[EventDate "2020.10.27"]
[EventType "swiss"]
[EventRounds "7"]
[EventCountry "GER"]
[SourceTitle "playchess.com"]
[Source "ChessBase"]
[SourceQuality "1"]
[TimeControl "40/5400+30:1800+30"]

1. d4 d5 2. c4 e6 3. Nc3 Nf6 4. Bg5 Be7 5. e3 h6 6. Bh4 b6 7. cxd5 Nxd5 8. Bxe7 Qxe7 9. Nxd5 exd5 10. a3 O-O 11. Rc1 f5 12. Nf3 f4 13. Qb3 Bb7 14. Be2 fxe3 15. Qxe3 Qxe3 16. fxe3 c6 17. O-O Nd7 18. Nh4 Rae8 19. Rc3 Nf6 20. Bd3 Ne4 21. Rxf8+ Kxf8 22. Rc1 Nd6 23. Re1 c5 24. Ng6+ Kg8 25. Ne5 Bc8 26. Rf1 Rf8 27. Bh7+ Kxh7 28. Rxf8 Bf5 29. dxc5 bxc5 30. Rd8 Ne4 31. Rxd5 g6 32. Rd8 Kg7 33. Ra8 Kf6 34. Nf3 Ke6 35. Rxa7 Kd5 36. Nh4 Be6 37. Nxg6 Kc4 38. Ra4+ 1-0

[Event "GER-ch Youth U12 2020"]
[Site "Willingen"]
[Date "2020.10.28"]
[Round "2.13"]
[White "Nitsche, Nikolai"]
[Black "Guo, Jacob Tingshen"]
[Result "1-0"]
[ECO "A00"]
[WhiteElo "1721"]
[BlackElo "1551"]
[Annotator "NA RC"]
[PlyCount "47"]
[EventDate "2020.10.27"]
[EventType "swiss"]
[EventRounds "7"]
[EventCountry "GER"]
[SourceTitle "playchess.com"]
[Source "ChessBase"]
[SourceQuality "1"]
[TimeControl "40/5400+30:1800+30"]

1. g3 f5 2. Nf3 Nf6 3. Bg2 g6 4. O-O Bg7 5. d4 O-O 6. c3 e6 7. Ne5 d6 8. Nd3 Qe7 9. Nd2 c6 10. b3 Rd8 11. a4 e5 12. dxe5 dxe5 13. Ba3 Qe8 14. Qc2 e4 15. Nf4 e3 16. Nc4 exf2+ 17. Rxf2 Ng4 18. Rf3 Ne5 19. Re3 c5 20. Bxc5 Nbc6 21. Nd6 Qd7 22. Bd5+ Kh8 23. Be6 Qe7 24. Nf7+ 1-0

[Event "GER-ch Youth U12 2020"]
[Site "Willingen"]
[Date "2020.10.28"]
[Round "2.14"]
[White "Isbilir, Levin"]
[Black "Sauer, Tim"]
[Result "0-1"]
[ECO "B10"]
[WhiteElo "1233"]
[BlackElo "1729"]
[Annotator "NA RC"]
[PlyCount "60"]
[EventDate "2020.10.27"]
[EventType "swiss"]
[EventRounds "7"]
[EventCountry "GER"]
[SourceTitle "playchess.com"]
[Source "ChessBase"]
[SourceQuality "1"]
[TimeControl "40/5400+30:1800+30"]

1. e4 c6 2. Nc3 d5 3. Qf3 e6 4. d3 Bd6 5. Qg4 g6 6. f4 Ne7 7. e5 Bb4 8. Bd2 c5 9. Nf3 a6 10. Qh3 b5 11. g4 Bb7 12. Qh6 d4 13. Ne4 Bxe4 14. dxe4 Bxd2+ 15. Kxd2 Qa5+ 16. Kd1 Nbc6 17. Ng5 d3 18. cxd3 O-O-O 19. Nxf7 Qa4+ 20. Kd2 Qb4+ 21. Ke3 Qd4+ 22. Kf3 Rhf8 23. Nxd8 Nxe5+ 24. Kg2 Qxb2+ 25. Kh3 Qf2 26. Qh4 Qf3+ 27. Qg3 Qxh1 28. Nxe6 Rf6 29. Nxc5 g5 30. f5 Rh6+ 0-1

[Event "GER-ch Youth U12 2020"]
[Site "Willingen"]
[Date "2020.10.28"]
[Round "2.15"]
[White "Winkler, Yonathan"]
[Black "Schreidl, Michael"]
[Result "1-0"]
[ECO "C48"]
[WhiteElo "1680"]
[BlackElo "1640"]
[Annotator "NA RC"]
[PlyCount "157"]
[EventDate "2020.10.27"]
[EventType "swiss"]
[EventRounds "7"]
[EventCountry "GER"]
[SourceTitle "playchess.com"]
[Source "ChessBase"]
[SourceQuality "1"]
[TimeControl "40/5400+30:1800+30"]

1. e4 e5 2. Nf3 Nc6 3. Nc3 Nf6 4. Bb5 Bd6 5. d3 O-O 6. Bg5 Be7 7. Qd2 d6 8. a3 Bg4 9. Bxc6 bxc6 10. h3 Bc8 11. Ne2 Nd7 12. Bxe7 Qxe7 13. Ng3 Nc5 14. b4 Na4 15. c4 c5 16. O-O Bd7 17. Rfd1 Rfb8 18. Rab1 Rb6 19. b5 Rbb8 20. Qc2 Nb6 21. a4 Nc8 22. Nd2 c6 23. Ndf1 cxb5 24. axb5 g6 25. Ne3 Nb6 26. Ra1 Rb7 27. Ra6 Be6 28. Rda1 Nc8 29. Ne2 Qg5 30. Kh2 f5 31. Nf1 f4 32. f3 h5 33. Nc1 Qh4 34. Nb3 Nb6 35. Na5 Rg7 36. Nc6 Nc8 37. b6 g5 38. Nd8 Bd7 39. b7 Rb8 40. bxc8=Q Rxc8 41. Nb7 g4 42. Kh1 g3 43. Kg1 Bxh3 44. gxh3 g2 45. Nh2 Rg3 46. Rxd6 Rc7 47. Nxc5 Qe7 48. Raa6 Rxc5 49. Qb3 Kh7 50. Qa3 Rc7 51. Rh6+ Kg7 52. Qxe7+ Rxe7 53. Rxh5 Rb7 54. Ra1 Kf6 55. Rf5+ Ke6 56. Ra6+ Ke7 57. Rxe5+ Kd7 58. Rb5 Rxb5 59. cxb5 Kc7 60. Rxa7+ Kb6 61. Rf7 Kxb5 62. Rxf4 Rxh3 63. Kxg2 Rh8 64. Ng4 Kc5 65. e5 Kd5 66. Re4 Ke6 67. Kf2 Ra8 68. Ke3 Rd8 69. Rd4 Rf8 70. Rd6+ Ke7 71. Ke4 Ra8 72. f4 Rf8 73. f5 Rg8 74. Nf6 Ra8 75. Rd7+ Kf8 76. Nd5 Ra4+ 77. d4 Ra8 78. e6 Re8 79. Rf7+ 1-0

[Event "GER-ch Youth U12 2020"]
[Site "Willingen"]
[Date "2020.10.28"]
[Round "2.16"]
[White "Cromm, Mika"]
[Black "Chugunov, Ivan"]
[Result "1/2-1/2"]
[ECO "A40"]
[WhiteElo "1665"]
[BlackElo "1552"]
[Annotator "NA RC"]
[PlyCount "81"]
[EventDate "2020.10.27"]
[EventType "swiss"]
[EventRounds "7"]
[EventCountry "GER"]
[SourceTitle "playchess.com"]
[Source "ChessBase"]
[SourceQuality "1"]
[TimeControl "40/5400+30:1800+30"]

1. d4 c6 2. c4 d5 3. Nc3 Nf6 4. Bf4 Bf5 5. e3 e6 6. Nf3 Nbd7 7. Bd3 Bg6 8. O-O Be7 9. Rc1 a6 10. a4 O-O 11. cxd5 cxd5 12. Bxg6 hxg6 13. Qb3 b6 14. Ne2 Ra7 15. Rc6 Nh5 16. Rfc1 Nxf4 17. Nxf4 Rb7 18. Nd3 Nb8 19. R6c3 a5 20. Nfe5 Bd6 21. Nc6 Nxc6 22. Rxc6 Kh7 23. h3 Re8 24. Qc2 Ree7 25. f4 f6 26. Qf2 Rec7 27. R6c3 Rxc3 28. Rxc3 Rc7 29. Qc2 Qc8 30. Rxc7 Qxc7 31. Qxc7 Bxc7 32. Kf2 Kh6 33. Kf3 g5 34. g4 Bd6 35. Kg3 gxf4+ 36. exf4 g5 37. h4 gxh4+ 38. Kxh4 Kg6 39. Kg3 Bc7 40. Kf3 Bd6 41. Kg3 1/2-1/2

[Event "GER-ch Youth U12 2020"]
[Site "Willingen"]
[Date "2020.10.28"]
[Round "2.17"]
[White "Haubold, Sebastian Marcel"]
[Black "Dorendorf, Mika"]
[Result "1-0"]
[ECO "B33"]
[WhiteElo "1769"]
[BlackElo "1462"]
[Annotator "NA RC"]
[PlyCount "43"]
[EventDate "2020.10.27"]
[EventType "swiss"]
[EventRounds "7"]
[EventCountry "GER"]
[SourceTitle "playchess.com"]
[Source "ChessBase"]
[SourceQuality "1"]
[TimeControl "40/5400+30:1800+30"]

1. e4 c5 2. Nf3 Nc6 3. d4 cxd4 4. Nxd4 Nf6 5. Nc3 e5 6. Ndb5 d6 7. Bg5 a6 8. Na3 b5 9. Nd5 Be7 10. Bxf6 Bxf6 11. c3 O-O 12. Nc2 Bg5 13. a4 bxa4 14. Rxa4 a5 15. Bc4 Kh8 16. O-O f5 17. exf5 Bxf5 18. Nce3 Bg6 19. Bd3 e4 20. Bxe4 Bxe4 21. Rxe4 Ne5 22. f4 1-0

[Event "GER-ch Youth U12 2020"]
[Site "Willingen"]
[Date "2020.10.28"]
[Round "2.18"]
[White "Leubner, Paul Damdin"]
[Black "Möller, Maurin"]
[Result "1/2-1/2"]
[ECO "C24"]
[WhiteElo "1409"]
[BlackElo "1645"]
[Annotator "NA RC"]
[PlyCount "91"]
[EventDate "2020.10.27"]
[EventType "swiss"]
[EventRounds "7"]
[EventCountry "GER"]
[SourceTitle "playchess.com"]
[Source "ChessBase"]
[SourceQuality "1"]
[TimeControl "40/5400+30:1800+30"]

1. e4 e5 2. Bc4 Nf6 3. d3 Bc5 4. Nf3 d6 5. Nbd2 O-O 6. c3 Re8 7. b4 Bb6 8. Bb3 d5 9. exd5 Nxd5 10. Qc2 Nf4 11. O-O Qxd3 12. Ne4 Qxc2 13. Bxc2 Ne2+ 14. Kh1 Nxc1 15. Raxc1 Be6 16. a4 Bc4 17. Rfd1 Be2 18. Rd2 Bxf3 19. gxf3 a6 20. a5 Ba7 21. Rg1 Kh8 22. Ng5 Nc6 23. Nxf7+ Kg8 24. Bb3 Kf8 25. Ng5 g6 26. Ne6+ Ke7 27. Nxc7 Rad8 28. Rgd1 Rxd2 29. Rxd2 Rf8 30. Kg2 Bb8 31. Ne6 Rc8 32. Nc5 Rc7 33. Ne4 Rc8 34. Ba4 h6 35. Nc5 Rc7 36. Rd3 Ba7 37. Bxc6 Bxc5 38. Be4 Bd6 39. Bxg6 Rc8 40. Be4 Rc7 41. Kf1 Ke6 42. h4 Be7 43. h5 Bg5 44. Ke2 Bf6 45. Kd1 Bh4 46. Ke2 1/2-1/2

[Event "GER-ch Youth U12 2020"]
[Site "Willingen"]
[Date "2020.10.28"]
[Round "2.20"]
[White "Krüger, Arthur"]
[Black "Schneble, Milan"]
[Result "1-0"]
[ECO "B09"]
[WhiteElo "1704"]
[BlackElo "1418"]
[Annotator "NA RC"]
[PlyCount "69"]
[EventDate "2020.10.27"]
[EventType "swiss"]
[EventRounds "7"]
[EventCountry "GER"]
[SourceTitle "playchess.com"]
[Source "ChessBase"]
[SourceQuality "1"]
[TimeControl "40/5400+30:1800+30"]

1. e4 d6 2. d4 Nf6 3. Nc3 g6 4. f4 Bg7 5. Nf3 c5 6. d5 O-O 7. Be2 Re8 8. O-O Nbd7 9. h3 a6 10. a4 Qa5 11. Bd2 Qc7 12. a5 b5 13. axb6 Nxb6 14. Be1 Bb7 15. Bg3 e6 16. dxe6 fxe6 17. Nd2 Kh8 18. Bf3 Re7 19. Qe2 c4 20. Bf2 Rc8 21. Kh1 Nbd7 22. Ra4 Nb6 23. Bxb6 Qxb6 24. Nxc4 Qc7 25. Na5 e5 26. fxe5 Rxe5 27. Nxb7 Qxb7 28. Qxa6 Qd7 29. Rd1 Rc6 30. Qa7 Rc7 31. Qb8+ Re8 32. Qb4 Bf8 33. Qd4 Be7 34. Nd5 Rxc2 35. Nxf6 1-0

[Event "GER-ch Youth U12 2020"]
[Site "Willingen"]
[Date "2020.10.28"]
[Round "2.21"]
[White "Honisch, Alexander"]
[Black "Ehrlich, Patrick"]
[Result "1-0"]
[ECO "B07"]
[WhiteElo "1667"]
[BlackElo "1448"]
[Annotator "NA RC"]
[PlyCount "57"]
[EventDate "2020.10.27"]
[EventType "swiss"]
[EventRounds "7"]
[EventCountry "GER"]
[SourceTitle "playchess.com"]
[Source "ChessBase"]
[SourceQuality "1"]
[TimeControl "40/5400+30:1800+30"]

1. e4 d6 2. d4 Nf6 3. Nc3 g6 4. Be3 c6 5. Qd2 b5 6. f3 Nbd7 7. h4 Nb6 8. a3 a5 9. Rd1 b4 10. Nb1 bxa3 11. Nxa3 Ba6 12. Bxa6 Rxa6 13. Nh3 d5 14. e5 Nfd7 15. Nf4 e6 16. Qe2 Ra7 17. h5 Qg5 18. Nxg6 Qg3+ 19. Bf2 Qxg2 20. Rg1 Qh2 21. Nxh8 Qxh5 22. f4 Qh2 23. Be3 Qh4+ 24. Qf2 Qh5 25. Rg5 Qh1+ 26. Ke2 Qh3 27. Qg2 Qxg2+ 28. Rxg2 Bh6 29. Rh1 1-0

[Event "GER-ch Youth U12 2020"]
[Site "Willingen"]
[Date "2020.10.28"]
[Round "2.22"]
[White "Weyerer, Noah"]
[Black "Schwarz, David"]
[Result "1-0"]
[ECO "D00"]
[WhiteElo "1536"]
[BlackElo "1200"]
[Annotator "NA RC"]
[PlyCount "45"]
[EventDate "2020.10.27"]
[EventType "swiss"]
[EventRounds "7"]
[EventCountry "GER"]
[SourceTitle "playchess.com"]
[Source "ChessBase"]
[SourceQuality "1"]
[TimeControl "40/5400+30:1800+30"]

1. d4 d5 2. Bf4 c5 3. e3 Nc6 4. c3 e6 5. Nf3 Nf6 6. Nbd2 Bd7 7. Bd3 Be7 8. Ne5 Qb6 9. Qc2 cxd4 10. exd4 Rc8 11. Qb3 Qxb3 12. axb3 a6 13. b4 Bxb4 14. Nxc6 Bxc3 15. bxc3 Rxc6 16. Ra3 Ke7 17. Nf3 Rhc8 18. Kd2 Rb6 19. Rb1 Rcc6 20. Ne5 Rd6 21. Nxd7 Rxb1 22. Bxd6+ Kxd6 23. Bxb1 1-0

[Event "GER-ch Youth U12 2020"]
[Site "Willingen"]
[Date "2020.10.28"]
[Round "2.23"]
[White "Berresheim, Nils"]
[Black "Stadelmann, Constantin"]
[Result "1-0"]
[ECO "D31"]
[WhiteElo "1534"]
[BlackElo "1366"]
[Annotator "NA RC"]
[PlyCount "49"]
[EventDate "2020.10.27"]
[EventType "swiss"]
[EventRounds "7"]
[EventCountry "GER"]
[SourceTitle "playchess.com"]
[Source "ChessBase"]
[SourceQuality "1"]
[TimeControl "40/5400+30:1800+30"]

1. d4 d5 2. c4 e6 3. Nc3 c6 4. Nf3 f5 5. Bf4 Nf6 6. e3 Bd6 7. Bd3 O-O 8. O-O Ne4 9. Qc2 Nd7 10. Ne2 b6 11. h3 Ba6 12. Rfd1 Qc7 13. Rac1 Ndf6 14. Ne5 c5 15. f3 dxc4 16. Bxc4 Bxc4 17. Qxc4 b5 18. Qxe6+ Kh8 19. fxe4 Nxe4 20. dxc5 Rae8 21. cxd6 Qxc1 22. Nf7+ Kg8 23. Nh6+ Kh8 24. Qg8+ Rxg8 25. Nf7# 1-0

[Event "GER-ch Youth U12 2020"]
[Site "Willingen"]
[Date "2020.10.28"]
[Round "2.25"]
[White "Göpfert, Gregor"]
[Black "Schröder, Jan-Hendrik"]
[Result "0-1"]
[ECO "B34"]
[WhiteElo "1603"]
[BlackElo "1324"]
[Annotator "NA RC"]
[PlyCount "76"]
[EventDate "2020.10.27"]
[EventType "swiss"]
[EventRounds "7"]
[EventCountry "GER"]
[SourceTitle "playchess.com"]
[Source "ChessBase"]
[SourceQuality "1"]
[TimeControl "40/5400+30:1800+30"]

1. e4 c5 2. Nf3 Nc6 3. d4 cxd4 4. Nxd4 g6 5. Nc3 Bg7 6. Be3 d6 7. Bc4 Nf6 8. h3 O-O 9. Bb3 Bd7 10. O-O a6 11. f4 Nxd4 12. Bxd4 Bc6 13. Qd3 d5 14. exd5 Bd7 15. Rae1 h5 16. Qe3 Re8 17. a4 Bf5 18. Bc5 Qc7 19. Bb6 Qd6 20. a5 Rac8 21. Ba4 Rxc3 22. bxc3 Nxd5 23. Qf3 Rc8 24. Rd1 e6 25. Bd4 Bxd4+ 26. cxd4 Rc3 27. Qf2 Ne3 28. Rd2 Nxf1 29. Qxf1 Qb4 30. Bd7 Rxc2 31. Rxc2 Bxc2 32. Qf2 Ba4 33. Bc8 Bc6 34. Qa2 Qxd4+ 35. Kh1 Qd8 36. Bxe6 fxe6 37. Qxe6+ Kg7 38. Qe5+ Kh7 0-1